 Dungeon Crawl Stone Soup version 0.29-a0-92-gee772dd00f (webtiles) character file.

Game seed: 4436429007213143648

37 drugrobin the Poker (level 3, -4/29 HPs)
             Began as a Demigod Warper on Feb 10, 2022.
             Slain by Jessica (5 damage)
             ... on level 2 of the Dungeon.
             The game lasted 00:02:55 (1219 turns).

drugrobin the Poker (Demigod Warper)                Turns: 1219, Time: 00:02:55

Health: -4/29      AC:  3    Str: 16    XL:     3   Next: 7%
Magic:  8/8        EV: 11    Int: 15    God:
Gold:   44         SH:  0    Dex: 13    Spells: 5/5 levels left

rFire   . . .      SeeInvis .   a - +0 spear (vamp)
rCold   . . .      Faith    .   (no shield)
rNeg    . . .      Spirit   .   b - +0 leather armour
rPois   .          Reflect  .   (no helmet)
rElec   .          Harm     .   (no cloak)
rCorr   .          Rampage  .   (no gloves)
Will    .....                   (no boots)
Stlth   +.........              (no amulet)
HPRegen 0.09/turn               (no ring)
MPRegen 0.11/turn               (no ring)

@: no status effects
A: high MP 1, forlorn, divine attributes
a: no special abilities


You were on level 2 of the Dungeon.
You visited 1 branch of the dungeon, and saw 2 of its levels.

You collected 44 gold pieces.

Inventory:

Hand Weapons
 a - a +0 vampiric spear (weapon)
Missiles
 d - 5 boomerangs of dispersal
 h - 6 stones (quivered)
Armour
 b - a +0 leather armour (worn)
Jewellery
 k - an amulet of guardian spirit
Scrolls
 c - a scroll of blinking
 e - a scroll of identify {unknown}
 f - a scroll of teleportation {unknown}
 j - a scroll of enchant weapon {unknown}
 l - a scroll of torment {unknown}
Potions
 g - a potion of lignification {unknown}
 i - a potion of haste {unknown}


   Skills:
 - Level 1.7 Fighting
 + Level 3.3 Polearms
 - Level 0.8 Throwing
 - Level 0.8 Armour
 - Level 1.7 Dodging
 - Level 1.7 Spellcasting
 - Level 2.6 Translocations


You had 5 spell levels left.
You didn't know any spells.
Your spell library contained the following spells:

 Spells                   Type           Power      Damage    Failure   Level
 Blink                    Tloc           18%        N/A       14%         2
 Gell's Gravitas          Tloc           9%         N/A       28%         3
 Lesser Beckoning         Tloc           9%         N/A       28%         3
 Teleport Other           Tloc           9%         N/A       28%         3
 Manifold Assault         Tloc           9%         N/A       95%         5
 Conjure Ball Lightning   Conj/Air       0%         3x3d6     100%        6
 Discord                  Hex            0%         N/A       100%        8
 Disjunction              Tloc           4%         N/A       100%        8


Dungeon Overview and Level Annotations

Branches:
Dungeon (2/15)

Annotations:
D:2 Jessica


Innate Abilities, Weirdness & Mutations

You have an increased reservoir of magic. (+10% MP)
You shall have no god before yourself.
Your divine heritage dramatically boosts your attributes as you level up.


Message History

Reach: a) +0 spear (vamp)
Press: ? - help, Dir - move target, f/p - Jessica
Aim: Jessica, wielding a +0 spear and wearing a +0 robe (moderately wounded, fast, about 40% to evade your +0 vampiric spear)
The frilled lizard is in the way.
You closely miss the frilled lizard.
The frilled lizard unfolds its giant frill.
The frilled lizard bites you but does no damage.
Jessica hits you from afar with a +0 spear.
Unknown command.
Reach: a) +0 spear (vamp)
Press: ? - help, Dir - move target, f/p - Jessica
Aim: Jessica, wielding a +0 spear and wearing a +0 robe (moderately wounded, fast, about 40% to evade your +0 vampiric spear)
You reach to attack!
You hit Jessica.
You feel better.
Jessica is heavily wounded.
Jessica hits you from afar with a +0 spear.
The frilled lizard closely misses you. Jessica barely misses you.
Unknown command.
Reach: a) +0 spear (vamp)
Press: ? - help, Dir - move target, f/p - Jessica
Aim: Jessica, wielding a +0 spear and wearing a +0 robe (heavily wounded, fast, about 40% to evade your +0 vampiric spear)
The frilled lizard is in the way.
You barely miss the frilled lizard. The frilled lizard barely misses you.
Jessica closely misses you.
Unknown command.
Unknown command.
Jessica casts a spell.
Jessica blinks!
Jessica looks very angry.
Jessica points at you and mumbles some strange words.
You resist with some effort. The frilled lizard bites you.
Jessica casts a spell at you. Pain shoots through your body!
* * * LOW HITPOINT WARNING * * *
You see here a bat corpse.
Jessica hits you from afar with a +0 spear.
* * * LOW HITPOINT WARNING * * *
There is a stone staircase leading up, spattered with blood here.
Unknown command.
Unknown command.
Okay, then.
Jessica hits you from afar with a +0 spear.
You die...

#. ##.......## ...
####.........# ..
##............#
#.########..##.........# ##
#....ยง.................#
...########...##..........#
#........@..####..>......#
#......###########.....##
#..####.......@l@....#.##
#.........####......#
.............# #.#....#
#.###.........# #.#....#
#.........# #.##.#.#
#.........# #.# .#.#
########### #.. .# . ...


You could see Jessica (fast) and a frilled lizard.

Vanquished Creatures
  An adder (D:1)
  A dart slug (D:1)
  3 endoplasms
  A giant cockroach (D:1)
  2 goblins (D:1)
  3 hobgoblins
  A quokka (D:1)
  6 ball pythons
  3 bats
  2 frilled lizards (D:1)
23 creatures vanquished.

Notes
Turn   | Place    | Note
-------+----------+-------------------------------------------
     0 | D:1      | drugrobin the Demigod Warper began the quest for the Orb.
     0 | D:1      | Reached XP level 1. HP: 17/17 MP: 5/5
    73 | D:1      | Reached skill level 2 in Polearms
   255 | D:1      | Reached XP level 2. HP: 24/24 MP: 7/7
   363 | D:1      | Reached skill level 3 in Polearms
   863 | D:2      | Noticed Jessica
  1102 | D:2      | Reached XP level 3. HP: 29/29 MP: 8/8
  1218 | D:2      | HP: 1/29 [Jessica (6)]
  1219 | D:2      | Slain by Jessica

Illustrated notes

Levels and vault maps discovered:
D:1:      scummos_arrival_gate, layout_loops_ring,
          hellmonk_ecumenical_altar_inner_sanctum, minmay_small_reverse_x
D:2:      layout_rooms, serial_shops, shop, uniq_jessica

Skill      XL: |  1  2 |
---------------+-------+-----
Polearms       | 2 3 |  3.3
Fighting       | |  1.7
Throwing       | |  0.8
Armour         | |  0.8
Dodging        | |  1.7
Spellcasting   | |  1.7
Translocations | |  2.6

Action                   || total
-------------------------++-------
Melee: Spear             ||    76
       Punch             ||     1
Throw: Stone             ||     4
 Stab: Sleeping          ||     1
Armor: Leather armour    ||    21
Dodge: Dodged            ||    47

Table legend: (Time is in decaauts)
 A = Elapsed time spent in this place.
 B = Non-inter-level travel time spent in this place.
 C = Inter-level travel time spent in this place.
 D = Time resting spent in this place.
 E = Time spent auto-exploring this place.
 F = Levels seen in this place.
 G = Mean time per level.
                   A        B        C        D        E       F      G
               +--------+--------+--------+--------+--------+-----+--------+
         Total |   1216 |   1179 |     37 |    197 |    755 |   2 |  608.0 |
       Dungeon |   1216 |   1179 |     37 |    197 |    755 |   2 |  608.0 |
               +--------+--------+--------+--------+--------+-----+--------+

Top non-repeatable levels by time:
     D:1: 1090 daAuts
     D:2: 125 daAuts
